 Dungeon Crawl Stone Soup version 0.31.0-1-g2c135a008e (webtiles) character file.

Game seed: 13748856766502253468

211 qw the Shooter (level 6, -2/46 HPs)
             Began as a Djinni Hunter on Jan 23, 2024.
             Slain by a gnoll
             ... wielding a +0 halberd
              (7 damage)
             ... on level 3 of the Dungeon.
             The game lasted 00:00:09 (2244 turns).

qw the Shooter (Djinni Hunter)                      Turns: 2244, Time: 00:00:10

Health: -2/46      AC:  8    Str: 10    XL:     6   Next: 13%
Gold:   147        EV: 11    Int: 10    God:
                   SH:  0    Dex: 19

rFire   + + .        a - +1 shortbow
rCold   x . .        (shield currently unavailable)
rNeg    . . .        h - +0 ring mail
rPois   inf          f - +0 helmet
rElec   .            g - +1 cloak
rCorr   .            (no gloves)
SInv    .            (boots unavailable)
Will    .....        (no amulet)
Stlth   +            (no ring)
HPRegen 0.27/turn    (no ring)
MPRegen 0.00/turn

%: infuse magic (-3 HP)
@: flying
A: sickness immunity, fire resistance 2, cold vulnerability 1, float, innate
caster, HP casting, extra vitality 1
a: no special abilities


You were on level 3 of the Dungeon.
You visited 1 branch of the dungeon, and saw 3 of its levels.

You collected 147 gold pieces.


Innate Abilities, Weirdness & Mutations

You are immune to sickness and miasma.
You are immune to poison.
Your flesh is very heat resistant. (rF++)
You are vulnerable to cold. (rC-)
You float through the air rather than walking.
You learn spells naturally, not from books.
Your magical power is your life essence.
You have superior vitality. (+4 MHP)


   Skills:
 - Level 3.0 Fighting
 - Level 5.0 Ranged Weapons
 - Level 1.1 Armour
 + Level 2.9 Dodging
 - Level 0.7 Stealth


You knew the following spells:

 Your Spells              Type           Power      Damage    Failure   Level
a - Apportation           Tloc           0%         N/A       67%         1
b - Lesser Beckoning      Tloc           0%         N/A       82%         2
Your spell library was empty.

Inventory:

Hand Weapons
 a - a +1 shortbow (weapon)
Armour
 f - a +0 helmet (worn)
 g - a +1 cloak (worn)
 h - a +0 ring mail (worn)
Potions
 b - 2 potions of mutation {unknown}
 c - a potion of lignification {unknown}

Dungeon Overview and Level Annotations

Branches:
Dungeon (3/15)

Altars:

Shops:
D:2 (   D:3 :

Annotations:
D:2 1 runed translucent door, Crazy Yiuf


Message History

The arrow hits the steam dragon but does no damage.
The steam dragon is heavily wounded.
The steam dragon barely misses you. The steam dragon claws you.
You shoot an arrow. The arrow hits the steam dragon.
The steam dragon is severely wounded.
The steam dragon bites you but does no damage.
The steam dragon claws you but does no damage.
The steam dragon misses you.
The steam dragon claws you but does no damage.
You shoot an arrow.
The arrow barely misses the steam dragon.
The steam dragon closely misses you. x2
You shoot an arrow.
The arrow barely misses the steam dragon.
The steam dragon bites you. The steam dragon barely misses you.
The gnoll barely misses you.
You shoot an arrow. The arrow hits the steam dragon.
The steam dragon is almost dead.
The steam dragon breathes steam at you. The ball of steam hits you. You resist.
The gnoll barely misses you.
The steam dragon bites you but does no damage.
The steam dragon barely misses you. The gnoll hits you but does no damage.
You shoot an arrow.
The arrow barely misses the steam dragon.
The steam dragon bites you. The steam dragon claws you.
The gnoll hits you from afar with a +0 halberd!
You shoot an arrow. The arrow hits the steam dragon.
The steam dragon is almost dead.
The steam dragon bites you but does no damage.
The steam dragon claws you but does no damage.
The gnoll hits you from afar with a +0 halberd!
You shoot an arrow.
The arrow hits the steam dragon but does no damage.
The steam dragon is almost dead.
The steam dragon barely misses you. The steam dragon claws you.
The gnoll hits you from afar with a +0 halberd!
The steam dragon bites you but does no damage.
The steam dragon barely misses you.
The gnoll hits you from afar with a +0 halberd!
You die...

## #.#..## #.#.........#.....
.###....# ##)#.........###...
..####..#######........>...###...
...##........##.##.........#...#.
...##........................###%
...##......<%...##...<.....### #.
...[..........####.........#####.
...#...).....#####...............
...##..[........@................
...##........##D##....#####......
..###.....####%g ####...###......
..>##...###..#.. #..###.........#
.......##.#..#.. #..# ##...####..
.......)..#..#.. #..# +..## ##
.......##.#..#.. #..# ##..#
........###..#.. #..###...#
....<.....##)# #%##...###


You could see a steam dragon and a gnoll.

Vanquished Creatures
  A bombardier beetle (D:3)
  An orc wizard (D:3)
  4 adders
  2 ribbon worms
  7 dart slugs
  9 orcs (D:3)
  7 endoplasms
  5 giant cockroaches
  6 goblins
  7 hobgoblins
  4 jackals (D:3)
  3 quokkas
  4 ball pythons
  7 bats
  2 frilled lizards
  5 kobolds
  A rat (D:1)
75 creatures vanquished.

Vanquished Creatures (others)
  An adder (D:3)
  2 endoplasms (D:3)
  A quokka (D:3)
4 creatures vanquished.

Grand Total: 79 creatures vanquished

Notes
Turn   | Place    | Note
-------+----------+-------------------------------------------
     0 | D:1      | qw the Djinni Hunter began the quest for the Orb.
     0 | D:1      | Reached XP level 1. HP: 18/18 MP: 0/0
     0 | D:1      | 0 ||| qw: Version: 0.3-a-135-gb77e89d
     0 | D:1      | 0 ||| qw: Game counter: 910
     0 | D:1      | 0 ||| qw: Melee chars always use a shield: true
     0 | D:1      | 0 ||| qw: God list: Okawaru
     0 | D:1      | 0 ||| qw: Allow faded altars: false
     0 | D:1      | 0 ||| qw: Do Orc after clearing Dungeon:15 true
     0 | D:1      | 0 ||| qw: Do second Lair branch before Depths: true
     0 | D:1      | 0 ||| qw: Lair rune preference: random
     0 | D:1      | 0 ||| qw: Goals: Normal
     0 | D:1      | 0 ||| PLANNING D:1-11
   126 | D:1      | Reached XP level 2. HP: 23/23 MP: 0/0
   290 | D:1      | Reached XP level 3. HP: 27/28 MP: 0/0
   290 | D:1      | Learned a level 1 spell: Apportation
   292 | D:1      | Reached skill level 4 in Ranged Weapons
   314 | D:1      | You are sucked into a shaft and drop 1 floor!
   382 | D:2      | 382 ||| UPGRADING to +0 helmet.
   387 | D:2      | 387 ||| UPGRADING to +1 cloak.
   392 | D:2      | 392 ||| DROPPING scroll of butterflies.
   784 | D:1      | 784 ||| UPGRADING to +0 ring mail.
   794 | D:1      | 794 ||| DROPPING +0 leather armour.
   795 | D:1      | 795 ||| READING 3 scrolls labelled PEDOET CIQEISUA.
   795 | D:1      | 795 ||| IDENTIFYING yellow potion
   796 | D:1      | 796 ||| READING 2 scrolls of identify.
   796 | D:1      | 796 ||| IDENTIFYING red potion
   797 | D:1      | 797 ||| DROPPING potion of attraction.
   798 | D:1      | 798 ||| DROPPING potion of brilliance.
   906 | D:2      | Reached XP level 4. HP: 34/34 MP: 0/0
   923 | D:2      | Reached skill level 1 in Armour
  1091 | D:2      | Found Hozuisk's Antique Weapon Boutique.
  1185 | D:2      | Reached skill level 3 in Fighting
  1472 | D:2      | Found a runed translucent door.
  1473 | D:2      | Noticed Crazy Yiuf
  1594 | D:2      | 1594 ||| READING scroll of identify.
  1594 | D:2      | 1594 ||| IDENTIFYING scroll labelled DODUCH DAPTEC
  1595 | D:2      | 1595 ||| READING scroll labelled MAITEAKHLAT.
  1595 | D:2      | 1595 ||| ENCHANTING +0 shortbow.
  1596 | D:2      | 1596 ||| DROPPING scroll of fog.
  1661 | D:3      | Reached XP level 5. HP: 31/40 MP: 0/0
  1661 | D:3      | Learned a level 2 spell: Lesser Beckoning
  1670 | D:3      | HP: 9/40 [something (4)]
  1675 | D:3      | HP: 5/40 [something (3)]
  1677 | D:3      | HP: 2/40 [something (3)]
  1766 | D:3      | 1766 ||| FLEEEEING.
  1767 | D:3      | 1767 ||| FLEEEEING.
  1768 | D:3      | 1768 ||| FLEEEEING.
  1786 | D:3      | 1786 ||| STAIRDANCE
  1935 | D:3      | Reached skill level 5 in Ranged Weapons
  2030 | D:3      | Found Horonk's Book Boutique.
  2052 | D:3      | Reached XP level 6. HP: 46/46 MP: 0/0
  2228 | D:3      | Noticed a steam dragon
  2244 | D:3      | HP: 5/46 [gnoll/+0 halberd (10)]
  2244 | D:3      | Slain by a gnoll

Levels and vault maps discovered:
D:1:      matt_arrival_refuge, layout_loops_ring,
          chequers_serial_rivers_micro_a, chequers_serial_rivers_room_a
D:2:      layout_loops_cross, serial_shops, shop, nicolae_underground_beach,
          uniq_crazy_yiuf_cottage
D:3:      layout_rooms, serial_shops, shop, minmay_divided_ellipse

Skill      XL: |  1  2  3  4  5 |
---------------+----------------+-----
Ranged Weapons | 4 5 |  5.0
Armour         | 1 |  1.1
Fighting       | 3 |  3.0
Dodging        | |  2.9
Stealth        | |  0.7

Action                     |  1- 3 |  4- 6 || total
---------------------------+-------+-------++-------
   Fire: Shortbow          |   104 |   183 ||   287
    Use: Scroll            |     2 |     2 ||     4
 Armour: Leather armour    |    11 |       ||    11
         Ring mail         |    19 |    98 ||   117
  Dodge: Dodged            |    38 |    81 ||   119

Table legend:
 A = Non-vault XP
 B = Vault XP
 C = Vault XP percentage of total XP
 D = Non-vault monster count
 E = Vault monster count
 F = Vault count percentage of total count
                 A         B        C        D         E       F
            +---------+---------+-------+---------+---------+-------
      Total |     276 |      26 |   8.6 |      69 |       7 |   9.2
            +---------+---------+-------+---------+---------+-------
        D:1 |      43 |       0 |   0.0 |      24 |       0 |   0.0
        D:2 |      79 |       0 |   0.0 |      25 |       0 |   0.0
        D:3 |     154 |      26 |  14.4 |      20 |       7 |  25.9
            +---------+---------+-------+---------+---------+-------
